 Dungeon Crawl Stone Soup version 0.19-a0-611-gb5a7e8d (webtiles) character file.

2687 shmeve the Fighter (level 9, -7/83 HPs)
             Began as a Minotaur Berserker on June 13, 2016.
             Was an Elder of Trog.
             Mangled by an ogre
             ... wielding a +0 giant spiked club
              (24 damage)
             ... on level 6 of the Dungeon.
             The game lasted 00:09:09 (4631 turns).

shmeve the Fighter (Minotaur Berserker)             Turns: 4631, Time: 00:09:10

Health: -7/83      AC: 12    Str: 23    XL:     9   Next: 38%
Magic:  8/8        EV: 10    Int:  4    God:    Trog [****..]
Gold:   252        SH:  0    Dex: 12    Spells: 0 memorised, 8 levels left

rFire  . . .     SeeInvis .     a - +0 hand axe
rCold  . . .     Gourm    .     C - +0 chain mail
rNeg   . . .     Faith    .     (no shield)
rPois  .         Spirit   .     (helmet restricted)
rElec  .         Dismiss  .     (no cloak)
rCorr  .         Reflect  .     I - +0 pair of gloves
SustAt .         Harm     .     e - +0 pair of boots
MR     .....                    (no amulet)
Stlth  ..........               (no ring)
                                w - ring of stealth

@: not resistant to hostile enchantments, extremely unstealthy
A: retaliatory headbutt, horns 2
a: Berserk, Trog's Hand, Brothers in Arms, Burn Spellbooks, Renounce Religion


You were on level 6 of the Dungeon.
You worshipped Trog.
Trog was greatly pleased with you.
You were near starving.

You visited 1 branch of the dungeon, and saw 6 of its levels.

You collected 252 gold pieces.

Inventory:

Hand Weapons
 a - a +0 hand axe (weapon)
 q - a +0 hunting sling
Missiles
 m - 67 sling bullets
Armour
 e - a +0 pair of boots (worn)
 C - a +0 chain mail (worn)
 I - a +0 pair of gloves (worn)
Jewellery
 w - a ring of stealth (left hand)
Wands
 b - a wand of flame (13/48)
 x - a wand of flame (17/48)
 D - a wand of flame (28/48)
Scrolls
 d - 2 scrolls of fear {unknown}
 i - a scroll of blinking {unknown}
 l - 4 scrolls of remove curse {unknown}
 n - 2 scrolls of enchant weapon {unknown}
 o - 2 scrolls of enchant armour {unknown}
 t - 3 scrolls of recharging {unknown}
 u - a scroll of fog {unknown}
 v - 2 scrolls of random uselessness {unknown}
 y - 2 scrolls of teleportation {unknown}
 B - a scroll of amnesia {unknown}
 H - a scroll of identify {unknown}
Potions
 f - 2 potions of berserk rage {unknown}
 j - 4 potions of curing
 k - 4 potions of haste
 r - a potion of might {unknown}
 z - a potion of flight {unknown}
 A - a potion of brilliance {unknown}
 E - a potion of cure mutation {unknown}
 G - a potion of lignification {unknown}
Comestibles
 c - 4 bread rations
 g - a beef jerky
 h - 2 meat rations
 p - 5 fruits
 s - a royal jelly
 F - a slice of pizza


   Skills:
 * Level 9.0 Fighting
 * Level 9.0 Axes
 + Level 5.1 Slings
 + Level 6.3 Armour
 + Level 5.6 Dodging


You had 8 spell levels left.
You didn't know any spells.

Dungeon Overview and Level Annotations

Branches:
Dungeon (6/15)             Temple (0/1) D:4

Altars:
Ashenzari
Cheibriados
Gozag
Makhleb
Qazlal
Ru
Uskayaw
Xom
Zin
The Shining One

Shops:
D:4 }


Innate Abilities, Weirdness & Mutations

You reflexively headbutt those who attack you in melee.
You have a pair of horns on your head.


Message History

l - 4 scrolls labeled FAIMAC SEGUBB (gained 1)
You barely miss the ogre. The ogre hits you but does no damage.
You slash the ogre! Your headbutt misses the ogre.
The ogre is moderately wounded.
The ogre hits you with a giant spiked club!!
You hit the ogre.
The ogre is moderately wounded.
You barely miss the ogre.
The ogre is moderately wounded.
The ogre hits you with a giant spiked club!!
You hit the ogre. You headbutt the ogre!
The ogre is severely wounded.
You hit the ogre but do no damage.
The ogre is severely wounded.
The ogre hits you with a giant spiked club!!
* * * LOW HITPOINT WARNING * * *
You hit the ogre but do no damage.
The ogre is severely wounded.
The ogre hits you with a giant spiked club!!
You die...

.......#####.... #...
#................ #...
................. #...
....$........... #...
..............# #...
..............## ####...
...............##..^^..^
...............#.§##..^.
......O@........≈#≈#^..≈
..............##.§#.^.≈#
..................^...≈.
#+##..........#..§..._..
#############.§§≈^.^^
#.#....≈^ #§#≈#§..#
#§##.^.≈# ##.....≈.


You could see an ogre.

Vanquished Creatures
  Pikel (D:5)
  Grinder (D:4)
  The ghost of rchandra the Bolt Thrower, an amateur KoHu (D:4)
  Eustachio (D:4)
  A hippogriff (D:4)
  Duvessa (D:4)
  An ice beast (D:5)
  An ogre (D:5)
  3 slaves (D:5)
  A phantom (D:5)
  3 centaurs (D:5)
  A giant frog (D:4)
  2 scorpions (D:4)
  Dowan (D:4)
  4 crimson imps
  3 hounds
  A jelly (D:6)
  A gnoll shaman (D:4)
  A centaur skeleton (D:6)
  An orc wizard (D:5)
  An iguana (D:6)
  Ijyb (D:3)
  Natasha (thrice) (D:4)
  3 worker ants
  4 gnolls (D:4)
  5 adders
  A howler monkey skeleton (D:3)
  2 oozes
  An adder skeleton (D:5)
  4 worms
  2 dart slugs (D:1)
  A giant gecko (D:4)
  8 orcs
  A ball python (D:3)
  5 giant cockroaches
  4 goblins
  10 hobgoblins
  8 jackals
  3 quokkas
  7 bats
  3 giant newts
  4 kobolds
  6 rats
117 creatures vanquished.

Vanquished Creatures (others)
  A quokka skeleton (D:5)
  2 plants (D:3)
3 creatures vanquished.

Grand Total: 120 creatures vanquished

Notes
Turn   | Place    | Note
--------------------------------------------------------------
     0 | D:1      | shmeve the Minotaur Berserker began the quest for the Orb.
     0 | D:1      | Reached XP level 1. HP: 19/19 MP: 0/0
     0 | D:1      | Noticed a formicid
     2 | D:1      | Noticed a human
     2 | D:1      | Noticed an octopode
     4 | D:1      | Noticed a formicid
     5 | D:1      | Noticed a gargoyle
     6 | D:1      | Noticed an elf
     7 | D:1      | Noticed a troll
     8 | D:1      | Noticed a troll
    10 | D:1      | Noticed a gargoyle
    12 | D:1      | Noticed a felid
    16 | D:1      | Noticed a formicid
    16 | D:1      | Noticed an ogre
    19 | D:1      | Noticed a centaur
    19 | D:1      | Noticed a gargoyle
    21 | D:1      | Noticed a ghoul
   128 | D:1      | Reached XP level 2. HP: 27/27 MP: 1/1
   515 | D:1      | Reached XP level 3. HP: 33/33 MP: 2/2
   800 | D:2      | Reached ** piety under Trog
  1413 | D:3      | Noticed Ijyb
  1418 | D:3      | Killed Ijyb
  1418 | D:3      | Reached XP level 4. HP: 36/40 MP: 3/3
  1602 | D:3      | Found a shattered altar of Ashenzari.
  1606 | D:3      | Saw a vision of the Swamp and the Snake Pit.
  1606 | D:3      | Noticed a naga mage
  1606 | D:3      | Noticed a mana viper
  1606 | D:3      | Noticed a naga warrior
  1606 | D:3      | Noticed a swamp drake
  1606 | D:3      | Noticed a water moccasin
  1606 | D:3      | Noticed a swamp drake
  1607 | D:3      | Noticed a naga sharpshooter
  1607 | D:3      | Noticed a salamander
  1607 | D:3      | Noticed a black mamba
  1608 | D:3      | Noticed a water moccasin
  1609 | D:3      | Noticed an anaconda
  1651 | D:3      | Reached skill level 5 in Axes
  1651 | D:3      | Reached skill level 1 in Slings
  1792 | D:3      | Found an opulent altar of Gozag.
  1812 | D:3      | Reached XP level 5. HP: 41/47 MP: 4/4
  2174 | D:3      | Found a burning altar of Makhleb.
  2175 | D:3      | Found a shimmering altar of Xom.
  2332 | D:4      | Noticed Grinder
  2336 | D:4      | Noticed a hippogriff
  2336 | D:4      | Paralysed by Grinder for 6 turns
  2345 | D:4      | Killed Grinder
  2345 | D:4      | Reached skill level 5 in Fighting
  2345 | D:4      | Reached XP level 6. HP: 56/56 MP: 5/5
  2346 | D:4      | Killed a hippogriff
  2346 | D:4      | Reached XP level 7. HP: 62/62 MP: 6/6
  2360 | D:4      | Noticed Natasha
  2368 | D:4      | Killed Natasha
  2532 | D:4      | Noticed rchandra's ghost (amateur KoHu)
  2538 | D:4      | Killed rchandra's ghost
  2694 | D:4      | Noticed Natasha
  2694 | D:4      | Found Jusublal's Gadget Shoppe.
  2695 | D:4      | Noticed Eustachio
  2705 | D:4      | Killed Eustachio
  2708 | D:4      | Killed Natasha
  2736 | D:4      | Reached *** piety under Trog
  2977 | D:4      | Noticed Natasha
  2978 | D:4      | Found a glowing golden altar of the Shining One.
  2983 | D:4      | Killed Natasha
  2983 | D:4      | Reached XP level 8. HP: 71/71 MP: 7/7
  3112 | D:4      | Found a snail-covered altar of Cheibriados.
  3164 | D:4      | Noticed Dowan
  3167 | D:4      | Noticed Duvessa
  3173 | D:4      | Killed Dowan
  3184 | D:4      | Reached skill level 5 in Armour
  3191 | D:4      | Killed Duvessa
  3534 | D:4      | Found a staircase to the Ecumenical Temple.
  3759 | D:5      | Entered Level 5 of the Dungeon
  3848 | D:5      | Noticed Pikel
  3865 | D:5      | Killed Pikel
  3865 | D:5      | Reached skill level 5 in Dodging
  3874 | D:5      | Reached XP level 9. HP: 78/81 MP: 8/8
  3988 | D:5      | Found a sacrificial altar of Ru.
  4184 | D:5      | Reached skill level 5 in Slings
  4274 | D:5      | Reached **** piety under Trog
  4399 | D:5      | Found a glowing silver altar of Zin.
  4570 | D:6      | Found a hide-covered altar of Uskayaw.
  4577 | D:6      | Found a stormy altar of Qazlal.
  4631 | D:6      | Mangled by an ogre

Vault maps used:
D:1:      shiori_arrival_whats_in_store_for_you
D:2:      first_bread
D:3:      grunt_temple_overflow_champion_of_chaos, overflow_temple_1_default,
          grunt_ashenzari_visionary, uniq_iyjb
D:4:      lemuel_crystal_altar, kennysheep_mini_moat,
          minmay_temple_entry_junction, serial_shops, nicolae_shop_statue_plus,
          minmay_fountain_box, uniq_natasha, uniq_eustachio, uniq_duvessa,
          uniq_grinder
D:5:      nicolae_ru_great_annihilating_truth, zin_academy, uniq_pikel
D:6:      grunt_qazlal_sundering, lemuel_crystal_altar, elyvilon_altar_3,
          uniq_crazy_yiuf_cottage, uniq_sigmund

Skill      XL: |  1  2  3  4  5  6  7  8  9 |
---------------+----------------------------+-----
Axes           | 4 5 6 7 8 9 |  9.0
Fighting       | 4 5 6 8 9 |  9.0
Armour         | 3 4 5 6 |  6.3
Slings         | 1 2 3 4 5 |  5.1
Dodging        | 3 4 5 |  5.6

Action                   |  1- 3 |  4- 6 |  7- 9 || total
-------------------------+-------+-------+-------++-------
Melee: Hand axe          |    85 |    60 |   217 ||   362
       Headbutt          |    15 |     9 |    48 ||    72
Invok: Berserk           |       |     1 |     3 ||     4
 Stab: Paralysed         |       |       |     2 ||     2
  Eat: Chunk             |     1 |     4 |     9 ||    14
Armor: Animal skin       |    30 |       |       ||    30
       Scale mail        |       |    22 |    25 ||    47
       Chain mail        |       |       |    50 ||    50
Dodge: Dodged            |    76 |    33 |    96 ||   205
